[Event "Titled Tuesday Blitz July 11 Early 2023"]
[White "Romero Arzuaga, Yudel"]
[Black "Chor, Kevin"]
[WhiteFideId "3521010"]
[BlackFideId "2090740"]
[WhiteElo "2336"]
[BlackElo "2511"]
[Result "0-1"]
[Round "9"]
[TimeControl "180+2"]
[Date "2023.07.11"]
[WhiteClock "0:00:04"]
[BlackClock "0:00:08"]
[Board "103"]

1. d4 Nf6 2. Nf3 g6 3. Bf4 Bg7 4. e3 d6 5. Be2 O-O 6. O-O Nbd7 7. Nbd2 b6 8. c3 Bb7 9. h3 Ne4 10. Bh2 e5 11. a4 a5 12. Qc2 f5 13. dxe5 dxe5 14. Rad1 Qe7 15. Bb5 Ndc5 16. Nxe4 Bxe4 17. Qe2 Kh8 18. Nd2 Bc2 19. Ra1 Rad8 20. b4 axb4 21. cxb4 Nd3 22. Nf3 Nxb4 23. Rfc1 e4 24. Nd4 Bd3 25. Bxd3 exd3 26. Qb2 c5 27. Rab1 Nc2 28. Nc6 Bxb2 29. Nxe7 Bf6 30. Nc6 d2 31. Rd1 Rd3 32. Ne5 Rd5 33. Nc4 Rfd8 34. Bc7 Re8 35. Rxd2 Nb4 36. Rxd5 Nxd5 37. Bxb6 Nc3 38. Rc1 Ne2+ 39. Kf1 Nxc1 40. a5 Ra8 41. Nd6 Nb3 42. Nb7 Bc3 43. Ke2 Nxa5 44. Bxc5 Nxb7 45. Be7 Bg7 46. f4 h6 47. g4 Kh7 48. Kf3 Ra2 49. h4 fxg4+ 50. Kxg4 Rc2 51. h5 gxh5+ 52. Kxh5 Nc5 53. f5 Ne4 54. Kg4 Rf2 55. Bh4 Nf6+ 56. Kg3 Rxf5 57. e4 Nxe4+ 58. Kg4 Kg6 0-1


[Site "https://www.chess.com"]

[Event "Titled Tuesday Blitz July 11 Early 2023"]
[White "Lehtosaari, Mauri"]
[Black "SicilianPanzer"]
[WhiteFideId "501999"]
[WhiteElo "2507"]
[BlackElo "2250"]
[Result "1-0"]
[Round "9"]
[TimeControl "180+2"]
[Date "2023.07.11"]
[WhiteClock "0:00:05"]
[BlackClock "0:00:00"]
[Board "104"]

1. d4 Nf6 2. Nf3 c5 3. e3 e6 4. Bd3 b6 5. O-O Bb7 6. b3 cxd4 7. Nxd4 Nc6 8. Bb2 Be7 9. c4 O-O 10. Nd2 d5 11. Nxc6 Bxc6 12. Qe2 Qc7 13. Rac1 a5 14. cxd5 Nxd5 15. Nf3 Qb7 16. Ne5 Be8 17. Rfd1 f6 18. Nc4 a4 19. Bd4 b5 20. Nd2 e5 21. Bc5 Rc8 22. Bxe7 Nxe7 23. f3 b4 24. Ne4 Qb6 25. Qf2 axb3 26. axb3 Bg6 27. Bc4+ Kh8 28. Nd6 Rcd8 29. Nb5 Qb7 30. e4 Bf7 31. Nd6 Rxd6 32. Rxd6 Bxc4 33. bxc4 b3 34. Rb1 Rc8 35. Rd3 Qb4 36. Rdxb3 Qxc4 37. h3 Qe6 38. Rb8 Ng6 39. Rxc8+ Qxc8 40. Rd1 Qg8 41. Qd2 h5 42. Qd8 Nf8 43. Qe8 1-0


[Site "https://www.chess.com"]

[Event "Titled Tuesday Blitz July 11 Early 2023"]
[White "Osmak, Yuliia"]
[Black "Tagliata"]
[WhiteFideId "14101602"]
[WhiteElo "2504"]
[BlackElo "2234"]
[Result "1-0"]
[Round "9"]
[TimeControl "180+2"]
[Date "2023.07.11"]
[WhiteClock "0:01:24"]
[BlackClock "0:00:37"]
[Board "105"]

1. Nf3 d5 2. g3 Nf6 3. Bg2 c6 4. O-O Bf5 5. d3 e6 6. Nbd2 h6 7. Qe1 Nbd7 8. e4 Bh7 9. e5 Ng8 10. Qe2 Ne7 11. h4 Bf5 12. Re1 h5 13. Nf1 Ng6 14. Bg5 Be7 15. Ne3 Bg4 16. Bxe7 Qxe7 17. d4 Bxf3 18. Bxf3 c5 19. c3 cxd4 20. cxd4 Qb4 21. Nxd5 exd5 22. e6 fxe6 23. Bxh5 Nf8 24. Bxg6+ Nxg6 25. Qxe6+ Ne7 26. a3 1-0


[Site "https://www.chess.com"]

[Event "Titled Tuesday Blitz July 11 Early 2023"]
[White "Kev4444444444"]
[Black "Reprintsev, Alexander"]
[BlackFideId "14100541"]
[WhiteElo "2229"]
[BlackElo "2500"]
[Result "0-1"]
[Round "9"]
[TimeControl "180+2"]
[Date "2023.07.11"]
[WhiteClock "0:00:45"]
[BlackClock "0:01:04"]
[Board "106"]

1. e4 d5 2. exd5 Qxd5 3. Nc3 Qa5 4. g3 Nc6 5. Bg2 Nf6 6. Nge2 Bg4 7. h3 Bh5 8. O-O e6 9. g4 Bg6 10. Nf4 O-O-O 11. d3 Nd4 12. Be3 Be7 13. g5 Ne8 14. Nxg6 hxg6 15. Bxd4 Rxd4 16. Qf3 Nd6 17. Qe3 Rdh4 18. f4 Nc4 19. Qf3 Qb6+ 20. Kh1 Nd2 21. Na4 Qa6 22. Qxb7+ Qxb7 23. Bxb7+ Kxb7 24. Rf2 Rxh3+ 25. Kg2 Rh2+ 26. Kg3 R8h3+ 27. Kg4 Rh4+ 28. Kg3 Rxf2 29. Kxf2 Rxf4+ 30. Ke3 Bxg5 0-1


[Site "https://www.chess.com"]

[Event "Titled Tuesday Blitz July 11 Early 2023"]
[White "Brunner, Nicolas"]
[Black "Sava, Christiansen-Danut-Eugen"]
[WhiteFideId "620246"]
[BlackFideId "1210114"]
[WhiteElo "2497"]
[BlackElo "2079"]
[Result "1-0"]
[Round "9"]
[TimeControl "180+2"]
[Date "2023.07.11"]
[WhiteClock "0:01:29"]
[BlackClock "0:00:08"]
[Board "107"]

1. Nf3 Nf6 2. g3 e6 3. Bg2 Be7 4. O-O O-O 5. c4 b6 6. d4 Bb7 7. b3 c5 8. Bb2 d6 9. Nc3 Nbd7 10. d5 e5 11. e4 Re8 12. Ne1 Nf8 13. Nd3 Ng6 14. h4 a6 15. h5 Nf8 16. a4 Bc8 17. f4 Bg4 18. Bf3 Bxf3 19. Qxf3 exf4 20. gxf4 N6d7 21. e5 dxe5 22. fxe5 f6 23. e6 Ne5 24. Nxe5 fxe5 25. Ne4 Nd7 26. exd7 Qxd7 27. Qf5 Qd8 28. d6 Bxd6 29. Rad1 Rf8 30. Qe6+ Kh8 31. Qxd6 Rxf1+ 32. Rxf1 Qc8 33. Qxe5 Qg4+ 34. Qg3 Qxg3+ 35. Nxg3 1-0


[Site "https://www.chess.com"]

[Event "Titled Tuesday Blitz July 11 Early 2023"]
[White "Melikhov, Evgeny V."]
[Black "Djokic, Mihailo"]
[WhiteFideId "4122046"]
[BlackFideId "976440"]
[WhiteElo "2423"]
[BlackElo "2607"]
[Result "0-1"]
[Round "9"]
[TimeControl "180+2"]
[Date "2023.07.11"]
[WhiteClock "0:00:04"]
[BlackClock "0:00:03"]
[Board "108"]

1. d4 Nf6 2. c4 g6 3. Nc3 Bg7 4. e4 d6 5. f3 O-O 6. Be3 Nc6 7. Nge2 a6 8. Qd2 Rb8 9. Bh6 Bxh6 10. Qxh6 e5 11. O-O-O b5 12. d5 Na5 13. Ng3 bxc4 14. h4 c6 15. h5 Qb6 16. Rd2 Rb7 17. Be2 cxd5 18. exd5 Ne8 19. Nge4 f5 20. hxg6 Rg7 21. Ng5 Nf6 22. Nxh7 Nxh7 23. gxh7+ Kh8 24. g4 fxg4 25. fxg4 Qd8 26. Ne4 Nb7 27. Bxc4 Rf4 28. Rdh2 Rfxg4 29. a3 Bf5 30. Nd2 Qc7 31. b3 R4g6 32. Qh4 Nc5 33. Kb2 Bd3 34. Rf2 Qc8 35. Rff1 Bxf1 36. Rxf1 Nd7 37. Rf5 Rg2 38. Kc3 Rxh7 39. Qe1 Nb6 40. Ne4 Qxf5 41. Qe3 Rh3 42. Ng3 Rgxg3 43. Bd3 Rxe3 0-1


[Site "https://www.chess.com"]

[Event "Titled Tuesday Blitz July 11 Early 2023"]
[White "Shukhman, Anna"]
[Black "Omariev, Maksim"]
[WhiteFideId "54180058"]
[BlackFideId "4193423"]
[WhiteElo "2579"]
[BlackElo "2408"]
[Result "1-0"]
[Round "9"]
[TimeControl "180+2"]
[Date "2023.07.11"]
[WhiteClock "0:01:57"]
[BlackClock "0:00:07"]
[Board "109"]

1. e4 h5 2. d4 h4 3. Nc3 d6 4. f4 h3 5. g3 e5 6. dxe5 dxe5 7. Qxd8+ Kxd8 8. fxe5 Nc6 9. Bf4 Be6 10. O-O-O+ Kc8 11. Nf3 Nh6 12. Ng5 Ng4 13. Bxh3 Nf2 14. Bxe6+ fxe6 15. Nxe6 Nxh1 16. Rxh1 g6 17. Nd5 Bh6 18. Nexc7 Rb8 19. e6 Bxf4+ 20. gxf4 Ne7 21. Nxe7+ Kxc7 22. Nxg6 Rhg8 23. f5 Kd6 24. h4 Rbe8 25. h5 b5 26. h6 1-0


[Site "https://www.chess.com"]

[Event "Titled Tuesday Blitz July 11 Early 2023"]
[White "Girya, Olga"]
[Black "a-z30"]
[WhiteFideId "4195752"]
[WhiteElo "2551"]
[BlackElo "2393"]
[Result "0-1"]
[Round "9"]
[TimeControl "180+2"]
[Date "2023.07.11"]
[WhiteClock "0:00:00"]
[BlackClock "0:00:06"]
[Board "110"]

1. d4 Nf6 2. Nf3 e6 3. c4 c5 4. d5 d6 5. Nc3 g6 6. e4 Bg7 7. Bd3 exd5 8. exd5 Bg4 9. h3 Bxf3 10. Qxf3 O-O 11. O-O Nbd7 12. Bf4 Qb6 13. Rab1 Rfe8 14. Qd1 Nh5 15. Bh2 Be5 16. f4 Bd4+ 17. Kh1 Re3 18. Nb5 Rae8 19. Qd2 a6 20. Nxd4 cxd4 21. b4 Ng3+ 22. Bxg3 Rxg3 23. f5 Ree3 24. Rb3 Ne5 25. Be2 d3 26. Bd1 Qd4 27. Kh2 Nxc4 28. Qc3 Qxc3 29. Rxc3 b5 30. f6 d2 31. Rc2 Rd3 32. Be2 Rc3 0-1


[Site "https://www.chess.com"]

[Event "Titled Tuesday Blitz July 11 Early 2023"]
[White "Tokman, Ariel"]
[Black "GAO"]
[WhiteFideId "117420"]
[WhiteElo "2525"]
[BlackElo "2382"]
[Result "1-0"]
[Round "9"]
[TimeControl "180+2"]
[Date "2023.07.11"]
[WhiteClock "0:00:10"]
[BlackClock "0:00:04"]
[Board "111"]

1. d4 Nf6 2. Nf3 e6 3. c4 d5 4. Nc3 Bb4 5. e3 O-O 6. Bd2 a5 7. Rc1 b6 8. cxd5 exd5 9. Bd3 Ba6 10. Bxa6 Nxa6 11. O-O c6 12. Ne5 Rc8 13. Qe2 Nb8 14. Qd3 Bd6 15. Ne2 Re8 16. Nf3 Ne4 17. Ng3 Nd7 18. Rc2 c5 19. b3 Qf6 20. Rfc1 Qh6 21. Be1 Ndf6 22. Nf5 Qh5 23. Nxd6 Nxd6 24. dxc5 bxc5 25. Rxc5 Rxc5 26. Rxc5 Nde4 27. Rc6 Ng4 28. h3 Ne5 29. Nxe5 Qxe5 30. Qc2 Qa1 31. Kf1 h6 32. Rc8 Rxc8 33. Qxc8+ Kh7 34. Qc2 Qe5 35. Kg1 Qa1 36. Kf1 Qe5 37. f3 Qf5 38. Kg1 Nd6 39. Qxf5+ Nxf5 40. Kf2 Kg6 41. Bxa5 Kf6 42. Bc3+ Ke6 43. g4 Ne7 44. Bxg7 f6 45. Bxh6 Ng6 46. Bf4 d4 47. Ke2 Kd5 48. e4+ Kc5 49. Bd2 Ne5 50. h4 Nc6 51. h5 Ne5 52. h6 Ng6 53. h7 Kd6 54. Bb4+ Ke5 55. a4 Kf4 56. a5 Ne5 57. h8=Q d3+ 58. Kd2 Nxf3+ 59. Kxd3 1-0


[Site "https://www.chess.com"]

[Event "Titled Tuesday Blitz July 11 Early 2023"]
[White "Mayaud, Raphael"]
[Black "feuervogel1000000"]
[WhiteFideId "627151"]
[WhiteElo "2382"]
[BlackElo "2513"]
[Result "0-1"]
[Round "9"]
[TimeControl "180+2"]
[Date "2023.07.11"]
[WhiteClock "0:00:17"]
[BlackClock "0:01:25"]
[Board "112"]

1. d4 Nf6 2. Bg5 d5 3. Bxf6 gxf6 4. c4 dxc4 5. e3 c5 6. Nc3 e6 7. d5 a6 8. a4 Bg7 9. Bxc4 O-O 10. dxe6 fxe6 11. Nge2 Nc6 12. O-O Qe8 13. Ng3 f5 14. Qh5 Qg6 15. Rad1 Ne5 16. Be2 b6 17. Rd6 Rb8 18. Rfd1 Rb7 19. Rd8 Rf7 20. Rxf8+ Rxf8 21. Qxg6 hxg6 22. Rd6 c4 23. Rxb6 Rd8 24. Rb8 Nd3 25. Kf1 Be5 26. Ra8 Nxb2 27. Nb1 c3 28. Bd3 Nxd3 0-1


[Site "https://www.chess.com"]

[Event "Titled Tuesday Blitz July 11 Early 2023"]
[White "Ljukin, Sergei"]
[Black "Seletsky, Grigory"]
[WhiteFideId "14102200"]
[BlackFideId "14112191"]
[WhiteElo "2490"]
[BlackElo "2379"]
[Result "1-0"]
[Round "9"]
[TimeControl "180+2"]
[Date "2023.07.11"]
[WhiteClock "0:00:04"]
[BlackClock "0:00:00"]
[Board "113"]

1. e4 e6 2. d4 d5 3. Nc3 Nc6 4. Nf3 Nf6 5. Bd3 Nb4 6. e5 Nd7 7. O-O c5 8. dxc5 Nxc5 9. Be2 a6 10. Be3 Be7 11. Bf4 O-O 12. a3 Nc6 13. b4 Ne4 14. Nxe4 dxe4 15. Qxd8 Rxd8 16. Ng5 Nd4 17. Bd1 Bxg5 18. Bxg5 Rd5 19. Bf4 b5 20. c3 Nc6 21. Bc2 Bb7 22. Bxe4 Rd7 23. Rfd1 Rad8 24. Rxd7 Rxd7 25. Kf1 h6 26. h4 Ne7 27. Bxb7 Rxb7 28. Ke2 Nd5 29. Bd2 Nb6 30. Be3 Na4 31. Bd4 Rc7 32. Kd2 h5 33. Kc2 Kh7 34. Re1 Kg6 35. Re3 Kh7 36. Rg3 g6 37. Rf3 Kg7 38. Rf4 Kf8 39. f3 Ke7 40. g4 Rc8 41. g5 Rc6 42. Re4 Kd7 43. Re2 Rc4 44. Rd2 Ke7 45. Rd3 Rc6 46. Bf2 Rc4 47. Rd6 Rf4 48. Rxa6 Rxf3 49. Ra7+ Ke8 50. Bd4 Rh3 51. Ra5 Rh2+ 52. Kc1 Rh1+ 53. Kd2 Rh2+ 54. Ke3 1-0


[Site "https://www.chess.com"]

[Event "Titled Tuesday Blitz July 11 Early 2023"]
[White "Manukian, Artak"]
[Black "Haitin, Ilja"]
[WhiteFideId "13301373"]
[BlackFideId "4501764"]
[WhiteElo "2486"]
[BlackElo "2371"]
[Result "0-1"]
[Round "9"]
[TimeControl "180+2"]
[Date "2023.07.11"]
[WhiteClock "0:00:47"]
[BlackClock "0:00:15"]
[Board "114"]

1. e4 e6 2. d4 d5 3. e5 c5 4. c3 Qb6 5. Nf3 Bd7 6. a3 Bb5 7. c4 Bxc4 8. Bxc4 dxc4 9. Nbd2 cxd4 10. Nxc4 Qa6 11. Qxd4 Nc6 12. Qe4 Nge7 13. Nd6+ Kd7 14. Nxf7 Rg8 15. Bg5 Nd5 16. O-O-O Bxa3 17. Rxd5+ exd5 18. Qxd5+ Kc8 19. Nd6+ Bxd6 20. Qxg8+ Kd7 21. Qf7+ Ne7 22. exd6 Rc8+ 23. Kd2 Qxd6+ 24. Ke2 Rc2+ 25. Nd2 Qe5+ 26. Be3 Rxd2+ 27. Kxd2 Qxb2+ 28. Kd3 Qb3+ 29. Ke2 Qxf7 30. Rd1+ Ke8 31. Re1 Kd8 32. Kf1 Nc6 0-1


[Site "https://www.chess.com"]

[Event "Titled Tuesday Blitz July 11 Early 2023"]
[White "MateoReyes"]
[Black "Bogaudinov, Rushan"]
[BlackFideId "4129288"]
[WhiteElo "2477"]
[BlackElo "2351"]
[Result "1-0"]
[Round "9"]
[TimeControl "180+2"]
[Date "2023.07.11"]
[WhiteClock "0:00:50"]
[BlackClock "0:00:01"]
[Board "115"]

1. Nf3 d5 2. d4 Nf6 3. c4 e6 4. Nc3 c5 5. cxd5 Nxd5 6. e4 Nxc3 7. bxc3 Be7 8. Bc4 O-O 9. O-O cxd4 10. cxd4 Nc6 11. Bb2 Na5 12. Bd3 Bd7 13. Re1 Rc8 14. Qe2 a6 15. Rad1 Ba4 16. Rc1 Qb6 17. Ne5 Nc6 18. Nc4 Qa7 19. d5 Nb4 20. Bb1 Bg5 21. Qg4 f6 22. Qxe6+ Kh8 23. Rc3 Rce8 24. Qg4 Nxd5 25. Rh3 Nf4 26. Rg3 Ng6 27. Nd6 Rd8 28. e5 Qb8 29. Qxa4 Nxe5 30. Qe4 Ng6 31. Nf5 Bf4 32. Rh3 Rfe8 33. Rxh7+ Kxh7 34. Ne7 Rxe7 35. Qxg6+ Kg8 36. Qh7+ Kf7 37. Bg6+ Kf8 38. Qh8# 1-0


[Site "https://www.chess.com"]

[Event "Titled Tuesday Blitz July 11 Early 2023"]
[White "Rodriguez Fontecha, Marcos"]
[Black "Wernberg, Hugo"]
[WhiteFideId "2256576"]
[BlackFideId "1737511"]
[WhiteElo "2448"]
[BlackElo "2332"]
[Result "0-1"]
[Round "9"]
[TimeControl "180+2"]
[Date "2023.07.11"]
[WhiteClock "0:00:04"]
[BlackClock "0:00:07"]
[Board "116"]

1. e4 e5 2. Nf3 Nc6 3. d4 exd4 4. Bc4 Bc5 5. Ng5 Nh6 6. Nxf7 Nxf7 7. Bxf7+ Kxf7 8. Qh5+ g6 9. Qxc5 d5 10. e5 Nxe5 11. Qxd4 Nc6 12. Qf4+ Kg7 13. O-O Rf8 14. Qg3 Bf5 15. b3 d4 16. Bb2 Bxc2 17. Nd2 Kg8 18. Rfe1 Qd6 19. Qh4 Qf4 20. Qxf4 Rxf4 21. Rac1 d3 22. f3 Rff8 23. Kf2 Rae8 24. Ne4 Rxe4 25. Rxe4 d2 26. Re2 dxc1=Q 27. Bxc1 Bf5 28. Bb2 Kf7 29. g4 Bc8 30. Kg3 Re8 31. Rc2 Re7 32. h4 Nb4 33. Rc4 Nd5 34. Rd4 c6 35. Rd2 b6 36. Rh2 Ba6 37. h5 g5 38. h6 Re2 39. Rxe2 Bxe2 40. Bc1 Kg6 41. Kf2 Bd3 42. Ke1 Kxh6 43. Kd2 Bb1 44. a3 Kg6 45. Ke2 Bc2 46. Kd2 Bxb3 47. Bb2 Ba4 48. Ke2 Bb5+ 49. Kf2 a5 50. Bc1 Bc4 51. Kg3 b5 52. Kf2 b4 53. axb4 axb4 54. Ke1 c5 55. Kd2 Bb5 56. Bb2 c4 57. Bd4 c3+ 58. Kc2 Bc4 59. Be5 b3+ 60. Kc1 Bd3 0-1


[Site "https://www.chess.com"]

[Event "Titled Tuesday Blitz July 11 Early 2023"]
[White "Atanasov, Radislav"]
[Black "Avila Jimenez, Xavier"]
[WhiteFideId "2901471"]
[BlackFideId "2210533"]
[WhiteElo "2226"]
[BlackElo "2431"]
[Result "1-0"]
[Round "9"]
[TimeControl "180+2"]
[Date "2023.07.11"]
[WhiteClock "0:01:50"]
[BlackClock "0:01:00"]
[Board "117"]

1. e4 d5 2. exd5 Qxd5 3. Nf3 Bg4 4. Be2 Nf6 5. O-O Nc6 6. d4 O-O-O 7. c4 Qf5 8. d5 e6 9. Nc3 exd5 10. cxd5 Nxd5 11. Nxd5 Qxd5 12. Qa4 Bd7 13. Rd1 Qa5 14. Qf4 Bd6 15. Qxf7 Rdf8 16. Qc4 h6 17. a3 g5 18. b4 Qf5 19. Bb2 Rhg8 20. b5 Na5 21. Qc3 b6 22. Rxd6 g4 23. Rc1 c5 24. bxc6 Be6 25. Ba6+ Kc7 26. Rd7+ Bxd7 27. cxd7+ Kxd7 28. Qc7+ Ke6 29. Re1+ Kd5 30. Re5+ 1-0


[Site "https://www.chess.com"]

[Event "Titled Tuesday Blitz July 11 Early 2023"]
[White "Kantans, Toms"]
[Black "Wang2007"]
[WhiteFideId "11602945"]
[WhiteElo "2629"]
[BlackElo "2313"]
[Result "1-0"]
[Round "9"]
[TimeControl "180+2"]
[Date "2023.07.11"]
[WhiteClock "0:00:07"]
[BlackClock "0:00:01"]
[Board "118"]

1. e4 c5 2. Nf3 d6 3. Bb5+ Bd7 4. a4 Nf6 5. Qe2 g6 6. O-O Bg7 7. e5 dxe5 8. Nxe5 O-O 9. d3 Be6 10. Re1 Nbd7 11. Bf4 Nh5 12. Nxd7 Nxf4 13. Qf3 Nh3+ 14. gxh3 Bxd7 15. Nc3 Bf5 16. Qxb7 a6 17. Bc4 Rb8 18. Qxe7 Rxb2 19. Bxf7+ Kh8 20. Qxd8 Rxd8 21. Nd5 Rb7 22. Ne3 Bxa1 23. Bd5 Bc3 24. Re2 Re7 25. Bc4 Bxh3 26. Bxa6 Rb8 27. Bb5 Bd7 28. Bxd7 Rxd7 29. Nc4 Bd4 30. Kg2 Rb4 31. a5 Ra4 32. h4 Rf7 33. Kg3 Kg7 34. Nd6 Rd7 35. Nc4 Ra2 36. f3 Rf7 37. Nd6 Rd7 38. Nc4 Kf6 39. Kf4 h6 40. Kg4 g5 41. hxg5+ hxg5 42. Nd2 Rh7 43. Ne4+ Kg6 44. Nxg5 Rd7 45. Ne6 Rxa5 46. f4 Kf6 47. Ng5 Rg7 48. Re6# 1-0


[Site "https://www.chess.com"]

[Event "Titled Tuesday Blitz July 11 Early 2023"]
[White "Bobkov, Vadim"]
[Black "Bashirli, Saadat"]
[WhiteFideId "34110876"]
[BlackFideId "13429990"]
[WhiteElo "2600"]
[BlackElo "2348"]
[Result "0-1"]
[Round "9"]
[TimeControl "180+2"]
[Date "2023.07.11"]
[WhiteClock "0:00:00"]
[BlackClock "0:01:10"]
[Board "119"]

1. d4 Nf6 2. c4 e6 3. Nf3 Bb4+ 4. Nbd2 O-O 5. a3 Bxd2+ 6. Qxd2 d5 7. b3 Ne4 8. Qd3 c6 9. Bb2 Nd7 10. g3 Ndf6 11. Bg2 b6 12. O-O Bb7 13. Rac1 Rc8 14. Rfd1 Qe7 15. Ne5 Rfd8 16. cxd5 exd5 17. b4 Nd6 18. h3 Nfe4 19. Rc2 f6 20. Nf3 Re8 21. e3 Nc4 22. Bc1 Ba6 23. Nd2 Nexd2 24. Bxd2 Qb7 25. Qb3 Nd6 26. Be1 Bc4 27. Qb2 Qe7 28. Rdc1 Ra8 29. a4 Rec8 30. b5 cxb5 31. axb5 Qf7 32. Bb4 Nxb5 33. Rxc4 dxc4 34. Bxa8 Rxa8 35. Be1 Nd6 36. Qb4 Rd8 0-1


[Site "https://www.chess.com"]

[Event "Titled Tuesday Blitz July 11 Early 2023"]
[White "Pinheiro, Iung Alicio de O."]
[Black "Fernandez, Michael"]
[WhiteFideId "2104350"]
[BlackFideId "5803560"]
[WhiteElo "2558"]
[BlackElo "2345"]
[Result "1-0"]
[Round "9"]
[TimeControl "180+2"]
[Date "2023.07.11"]
[WhiteClock "0:00:55"]
[BlackClock "0:00:03"]
[Board "120"]

1. d4 b5 2. e4 Bb7 3. Bxb5 Bxe4 4. Nf3 Nf6 5. O-O e6 6. Re1 Be7 7. c4 O-O 8. Nc3 Bb7 9. d5 h6 10. Ba4 exd5 11. cxd5 Bc5 12. Bf4 d6 13. h3 Nbd7 14. Qd2 Nb6 15. Bb3 Qd7 16. Rac1 Rfe8 17. Rxe8+ Rxe8 18. Bxh6 Nfxd5 19. Nxd5 Nxd5 20. Qg5 f6 21. Bxd5+ 1-0


[Site "https://www.chess.com"]

[Event "Titled Tuesday Blitz July 11 Early 2023"]
[White "Shapiro, Daniel"]
[Black "Safin, Robert"]
[WhiteFideId "2001780"]
[BlackFideId "34189120"]
[WhiteElo "2330"]
[BlackElo "2544"]
[Result "1-0"]
[Round "9"]
[TimeControl "180+2"]
[Date "2023.07.11"]
[WhiteClock "0:00:01"]
[BlackClock "0:00:00"]
[Board "121"]

1. d4 Nf6 2. c4 e6 3. g3 c5 4. d5 exd5 5. cxd5 d6 6. Nc3 g6 7. Nf3 Bg4 8. Nd2 Bg7 9. h3 Bc8 10. Nc4 O-O 11. Bg2 Re8 12. Bf4 Bf8 13. Nb5 Ne4 14. a4 a6 15. Nba3 g5 16. Bc1 b5 17. Nd2 Bf5 18. O-O Nd7 19. Nxe4 Bxe4 20. f3 Bg6 21. Bd2 Bg7 22. Qc1 Rxe2 23. Bxg5 Qe8 24. axb5 Bxb2 25. Qf4 axb5 26. Nxb5 Rxa1 27. Nxd6 Rxf1+ 28. Bxf1 Bd4+ 29. Kh1 1-0


[Site "https://www.chess.com"]

[Event "Titled Tuesday Blitz July 11 Early 2023"]
[White "Thecourseoisildur"]
[Black "Vifleemskaia, Svetlana"]
[BlackFideId "4129490"]
[WhiteElo "2537"]
[BlackElo "2311"]
[Result "0-1"]
[Round "9"]
[TimeControl "180+2"]
[Date "2023.07.11"]
[WhiteClock "0:00:01"]
[BlackClock "0:00:06"]
[Board "122"]

1. e4 e5 2. Nf3 Nc6 3. d4 exd4 4. Nxd4 Bb4+ 5. c3 Bc5 6. Be3 Bb6 7. Bc4 Nf6 8. Nxc6 bxc6 9. Bxb6 axb6 10. e5 Qe7 11. O-O Nd5 12. Bxd5 cxd5 13. Qxd5 Ra5 14. Qc4 Rc5 15. Qg4 Qxe5 16. Nd2 O-O 17. Rfe1 Qf5 18. Qxf5 Rxf5 19. Re7 Ra5 20. a4 b5 21. b3 c5 22. Re5 d6 23. Rd5 Rd8 24. Ne4 Be6 25. Rxd6 Rxd6 26. Nxd6 Bxb3 27. Nxb5 Rxa4 28. Rxa4 Bxa4 29. Nd6 Bc6 30. f3 Kf8 31. Kf2 Ke7 32. Nc4 Ke6 33. Ke3 Bb5 34. Nd2 Kd5 35. Kf4 f6 36. g4 Bd3 37. h4 g6 38. Ke3 Bb5 39. f4 h6 40. g5 hxg5 41. f5 gxf5 42. c4+ Bxc4 43. h5 f4+ 44. Kf3 Bd3 45. Kg4 c4 46. h6 c3 47. Nb3 c2 48. Nc1 Bh7 49. Kf3 Ke5 50. Ke2 g4 51. Kd2 f3 52. Ne2 fxe2 53. Kxe2 c1=Q 54. Kf2 Qxh6 55. Kg3 Qf4+ 56. Kg2 Ke4 57. Kg1 g3 58. Kg2 Qf2+ 59. Kh3 Bf5+ 60. Kh4 g2+ 61. Kh5 g1=Q 62. Kh6 Qfh2# 0-1


[Site "https://www.chess.com"]

[Event "Titled Tuesday Blitz July 11 Early 2023"]
[White "Fajdetic, Hrvoje"]
[Black "Papayan, Oleg"]
[WhiteFideId "14501945"]
[BlackFideId "4193911"]
[WhiteElo "2327"]
[BlackElo "2518"]
[Result "0-1"]
[Round "9"]
[TimeControl "180+2"]
[Date "2023.07.11"]
[WhiteClock "0:00:08"]
[BlackClock "0:01:15"]
[Board "123"]

1. f4 g6 2. e4 d5 3. e5 c5 4. Nf3 Nc6 5. Bb5 d4 6. Bxc6+ bxc6 7. d3 h5 8. Nbd2 Bg4 9. h3 Bxf3 10. Qxf3 Qd5 11. Ne4 Nh6 12. g4 O-O-O 13. b3 f5 14. exf6 exf6 15. Ba3 f5 16. Nd2 fxg4 17. Qxd5 cxd5 18. O-O-O gxh3 19. Rxh3 Ng4 20. Rf1 Bd6 21. f5 Ne3 22. fxg6 Nxf1 23. Nxf1 Rdg8 24. Ng3 Rxg6 25. Rxh5 Rxh5 26. Nxh5 Be5 27. Bxc5 Rh6 0-1


[Site "https://www.chess.com"]

[Event "Titled Tuesday Blitz July 11 Early 2023"]
[White "Jaskolka, Tomasz"]
[Black "AndresDelgado77"]
[WhiteFideId "1170791"]
[WhiteElo "2517"]
[BlackElo "2300"]
[Result "1-0"]
[Round "9"]
[TimeControl "180+2"]
[Date "2023.07.11"]
[WhiteClock "0:00:04"]
[BlackClock "0:00:00"]
[Board "124"]

1. e4 e6 2. Nf3 d5 3. e5 c5 4. b4 cxb4 5. a3 Nc6 6. d4 Bd7 7. axb4 Bxb4+ 8. c3 Be7 9. Bd3 Rc8 10. O-O Na5 11. Ba3 a6 12. Bxe7 Nxe7 13. Qe2 Ng6 14. g3 Nc4 15. Na3 Nxa3 16. Rxa3 Qe7 17. Rb3 Bc6 18. Rb6 O-O 19. h4 Qc7 20. Rfb1 Bb5 21. h5 Qxb6 22. hxg6 Bxd3 23. Qxd3 Rxc3 24. gxh7+ Kh8 25. Qxc3 Qxb1+ 26. Kg2 Kxh7 27. Qc5 Kg8 28. Qe7 Qe4 29. Qxb7 f6 30. Qd7 fxe5 31. Qxe6+ Kh7 32. Qh3+ Kg6 33. Qe6+ Rf6 34. Qe8+ Kh7 35. Qh5+ Kg8 36. Qe8+ Rf8 37. Qe6+ Kh7 38. Qh3+ Kg6 39. Qe6+ Rf6 40. Qe8+ Kh6 41. Qh8+ Qh7 42. Qd8 e4 43. Ne5 1-0


[Site "https://www.chess.com"]

[Event "Titled Tuesday Blitz July 11 Early 2023"]
[White "Okike, David"]
[Black "slidingknight2775"]
[WhiteFideId "8500134"]
[WhiteElo "2309"]
[BlackElo "2494"]
[Result "1-0"]
[Round "9"]
[TimeControl "180+2"]
[Date "2023.07.11"]
[WhiteClock "0:00:31"]
[BlackClock "0:00:10"]
[Board "125"]

1. e4 c5 2. Nf3 d6 3. d4 cxd4 4. Nxd4 Nf6 5. Nc3 Nc6 6. Bg5 e6 7. f3 h5 8. h4 a6 9. Qd2 Bd7 10. O-O-O Be7 11. Kb1 b5 12. Nxc6 Bxc6 13. Ne2 Qc7 14. Nd4 Bb7 15. Bd3 Rc8 16. Rh3 Bc6 17. Be3 Bd7 18. Rhh1 d5 19. e5 Qxe5 20. Rhe1 Qc7 21. Bf4 Qc5 22. Nb3 Qb6 23. Be5 b4 24. Bd4 Qc7 25. Bxa6 Ra8 26. Bd3 Qc6 27. Qe2 Qa4 28. Nc1 Qc6 29. Rh1 Qa4 30. b3 Qc6 31. Bb2 Ra5 32. Rde1 Qa8 33. g4 Bc6 34. g5 Nd7 35. Rhf1 g6 36. f4 Rf8 37. f5 gxf5 38. Bxf5 Nc5 39. g6 Kd7 40. gxf7 Bd6 41. Bxe6+ Kc7 42. Qxh5 Ne4 43. Rxe4 dxe4 44. Qh6 Qd8 45. Bc4 Bc5 46. Rf6 Kb7 47. Rxc6 e3 48. Re6 Ka7 49. Qf4 Bb6 50. Qe4 Qc7 51. Re7 Kb8 52. Rxc7 Bxc7 53. Qe7 Kb7 54. Qxf8 Kc6 55. Qe7 Rf5 56. f8=Q Rxf8 57. Qxf8 e2 58. Bxe2 Be5 59. Bxe5 Kd7 60. Qd6+ Ke8 61. Bb5+ Kf7 62. Qf6+ Kg8 63. Qg7# 1-0


[Site "https://www.chess.com"]

[Event "Titled Tuesday Blitz July 11 Early 2023"]
[White "Clawitter, Craig"]
[Black "Baches Garcia, Guillermo"]
[WhiteFideId "2023105"]
[BlackFideId "2209764"]
[WhiteElo "2298"]
[BlackElo "2468"]
[Result "0-1"]
[Round "9"]
[TimeControl "180+2"]
[Date "2023.07.11"]
[WhiteClock "0:00:00"]
[BlackClock "0:00:08"]
[Board "126"]

1. e4 c5 2. Nf3 d6 3. d4 cxd4 4. Nxd4 Nf6 5. Nc3 Nc6 6. Bc4 Bd7 7. Be3 Ng4 8. O-O Nxe3 9. fxe3 e6 10. Ndb5 Qb8 11. Qe2 Ne5 12. Bb3 Be7 13. Rad1 a6 14. Nd4 O-O 15. Nf3 Bf6 16. Qd2 Nxf3+ 17. gxf3 Be7 18. e5 d5 19. e4 Bc5+ 20. Kh1 d4 21. f4 Bc6 22. Nd5 exd5 23. exd5 Bb5 24. Rg1 d3 25. c4 Bxg1 26. Rxg1 Bd7 27. Qxd3 Qd8 28. Qg3 g6 29. Bc2 f5 30. e6 Be8 31. Qe3 Qe7 32. Qe5 Qf6 33. Qc7 Qg7 34. e7 Rf7 35. d6 Bc6+ 36. Rg2 Re8 37. Bb3 Qd4 38. Qxc6 bxc6 39. c5 Kg7 40. Re2 Rf6 41. d7 Qxd7 0-1


[Site "https://www.chess.com"]